 Seeded DCSS version 0.28-a0-1447-ga5a8893891 (webtiles) character file.

Game seed: 1279038258773114101 (custom seed)

104 voltaire321 the Skirmisher (level 4, -1/29 HPs)
             Began as a Gargoyle Fighter on Jan 11, 2022.
             Slain by a gnoll sergeant (5 damage)
             ... on level 3 of the Dungeon.
             The game lasted 00:04:04 (1828 turns).

voltaire321 the Skirmisher (Gargoyle Fighter)       Turns: 1828, Time: 00:04:05

Health: -1/29      AC: 20    Str: 21    XL:     4   Next: 80%
Magic:  4/4        EV:  2    Int:  9    God:
Gold:   65         SH:  4    Dex:  9    Spells: 3/3 levels left

rFire   . . .      SeeInvis .   f - +0 whip (venom)
rCold   . . .      Faith    .   c - +0 buckler
rNeg    + . .      Spirit   .   j - +0 crystal plate armour
rPois   ∞          Reflect  .   (no helmet)
rElec   +          Harm     .   (no cloak)
rCorr   .          Rampage  .   (no gloves)
Will    .....                   (no boots)
Stlth   ..........              (no amulet)
HPRegen 0.09/turn               (no ring)
MPRegen 0.09/turn               (no ring)

@: no status effects
A: sickness immunity, AC +3, negative energy resistance 1, electricity
resistance, torment resistance 1, petrification resistance
a: no special abilities


You were on level 3 of the Dungeon.
You visited 1 branch of the dungeon, and saw 3 of its levels.

You collected 65 gold pieces.

Inventory:

Hand Weapons
 f - a +0 whip of venom (weapon)
 g - a +1 morningstar of protection
 i - a +3 mace
Missiles
 m - 2 boomerangs (quivered)
Armour
 c - a +0 buckler (worn)
 j - a +0 crystal plate armour (worn)
Scrolls
 e - a scroll of teleportation {unknown}
 h - 2 scrolls of enchant weapon {unknown}
 n - 2 scrolls of identify {unknown}
 o - a scroll of fog {unknown}
Potions
 d - a potion of might
 k - a potion of invisibility {unknown}
 l - a potion of haste {unknown}


   Skills:
 + Level 4.1 Fighting
 + Level 2.9 Maces & Flails
 + Level 4.1 Armour
 + Level 4.0 Shields


You had 3 spell levels left.
You didn't know any spells.
Your spell library was empty.

Dungeon Overview and Level Annotations

Branches:
Dungeon (3/15)

Altars:


Innate Abilities, Weirdness & Mutations

You are immune to sickness and miasma.
Your stone body is resilient. (AC +3)
You are immune to poison.
You resist negative energy. (rN+)
You are resistant to electric shocks. (rElec)
You are resistant to unholy torment.
You are immune to petrification.


Message History

A gnoll comes into view. It is wielding a +0 whip.
The gnoll shouts!
A gnoll sergeant comes into view. It is wielding a +0 trident.
The gnoll sergeant shouts!
The gnoll hits you but does no damage.
You hit the gnoll.
The gnoll is poisoned.
The gnoll is heavily wounded.
The gnoll hits you but does no damage.
The gnoll sergeant hits you but does no damage.
You hit the gnoll but do no damage.
The gnoll looks as sick as possible!
The gnoll is heavily wounded.
The gnoll hits you but does no damage.
The gnoll sergeant hits you but does no damage.
You hit the gnoll.
You kill the gnoll!
The quokka bites you but does no damage.
The gnoll sergeant hits you from afar with a +0 trident.
You barely miss the quokka.
The quokka bites you but does no damage.
The gnoll hits you with a +0 flail.
The gnoll sergeant hits you but does no damage.
The quokka bites you but does no damage.
The gnoll hits you but does no damage.
You whack the quokka!
You kill the quokka!
The gnoll sergeant hits you but does no damage.
The gnoll hits you but does no damage.
You see here a dart slug corpse.
The gnoll sergeant hits you but does no damage.
You hit the gnoll sergeant but do no damage.
The gnoll sergeant hits you with a +0 trident!
You hit the gnoll sergeant.
The gnoll sergeant is poisoned.
The gnoll sergeant is lightly wounded.
The gnoll sergeant hits you with a +0 trident!
You barely miss the gnoll sergeant.
The gnoll sergeant is lightly wounded.
The gnoll sergeant hits you with a +0 trident.
* * * LOW HITPOINT WARNING * * *
The gnoll sergeant hits you from afar with a +0 trident.
You die...

# #.#
##.##.######
#.g)g†.....#
#.g##.####.#
#. #g####.#
# #.†gg#.#
####g#.#
#.#.# #@#.#
..#####.#.#
..........#
...#####(###
.........#
##.#####.#
#<.<..#
#.###.# #.#
#.#


You could see a gnoll sergeant (very poisoned) and 2 gnolls.

Vanquished Creatures
  Natasha (D:2)
  A gnoll (D:3)
  3 adders (D:2)
  A dart slug (D:3)
  2 endoplasms (D:1)
  2 giant cockroaches (D:1)
  3 goblins
  2 hobgoblins
  2 jackals (D:1)
  6 kobolds
  2 quokkas
  2 ball pythons (D:1)
  9 bats
  5 frilled lizards
  2 rats (D:1)
43 creatures vanquished.

Notes
Turn   | Place    | Note
-------+----------+-------------------------------------------
     0 | D:1      | voltaire321 the Gargoyle Fighter began the quest for the
                  | Orb.
     0 | D:1      | Reached XP level 1. HP: 14/14 MP: 1/1
   167 | D:1      | Reached XP level 2. HP: 17/19 MP: 2/2
   598 | D:1      | Reached XP level 3. HP: 23/24 MP: 3/3
  1568 | D:2      | Noticed Natasha
  1574 | D:2      | Reached XP level 4. HP: 19/29 MP: 4/4
  1576 | D:2      | Killed Natasha
  1811 | D:3      | Noticed a gnoll sergeant
  1828 | D:3      | Slain by a gnoll sergeant

Illustrated notes

Levels and vault maps discovered:
D:1:      evilmike_arrival_rings, layout_loops_ring, minmay_pentomino_q4
D:2:      layout_loops_cross, kennysheep_generic_room_15, uniq_natasha
D:3:      layout_loops_ring, minmay_box_of_dots, uniq_grinder, uniq_sigmund

Skill      XL: |  1  2  3  4 |
---------------+-------------+-----
Fighting       | 4 |  4.1
Armour         | 4 |  4.1
Shields        | 4 |  4.0
Maces & Flails | |  2.9

Action                   |  1- 3 |  4- 6 || total
-------------------------+-------+-------++-------
Melee: Flail             |    15 |       ||    15
       Whip              |   119 |    16 ||   135
Armor: Scale mail        |    77 |     1 ||    78
       Crystal plate arm |       |    16 ||    16
Dodge: Dodged            |    64 |     1 ||    65
Block: Buckler           |    24 |     1 ||    25

Table legend: (Time is in decaauts)
 A = Elapsed time spent in this place.
 B = Non-inter-level travel time spent in this place.
 C = Inter-level travel time spent in this place.
 D = Time resting spent in this place.
 E = Time spent auto-exploring this place.
 F = Levels seen in this place.
 G = Mean time per level.
                   A        B        C        D        E       F      G
               +--------+--------+--------+--------+--------+-----+--------+
         Total |   1842 |   1809 |     33 |     96 |   1333 |   3 |  614.0 |
       Dungeon |   1842 |   1809 |     33 |     96 |   1333 |   3 |  614.0 |
               +--------+--------+--------+--------+--------+-----+--------+

Top non-repeatable levels by time:
     D:1: 1069 daAuts
     D:2: 711 daAuts
     D:3: 61 daAuts
